 Dungeon Crawl Stone Soup version 0.28.0 (webtiles) character file.

Game seed: 7636682099051776740

60 Cykl0x the Digger (level 4, -2/25 HPs)
             Began as a Gargoyle Earth Elementalist on Feb 12, 2022.
             Slain by Grinder (3 damage)
             ... on level 3 of the Dungeon.
             The game lasted 00:03:16 (1467 turns).

Cykl0x the Digger (Gargoyle Earth Elementalist)     Turns: 1467, Time: 00:03:16

Health: -2/25      AC:  8    Str: 11    XL:     4   Next: 6%
Magic:  1/8        EV: 11    Int: 18    God:
Gold:   56         SH:  0    Dex: 10    Spells: 4/8 levels left

rFire   . . .      SeeInvis .   (no weapon)
rCold   . . .      Faith    .   (no shield)
rNeg    + . .      Spirit   .   j - +0 leather armour
rPois   ∞          Reflect  .   f - +2 hat {Stlth+}
rElec   +          Harm     .   (no cloak)
rCorr   .          Rampage  .   (no gloves)
Will    .....                   (no boots)
Stlth   +++.......              (no amulet)
HPRegen 0.08/turn               a - ring of flight
MPRegen 0.11/turn               (no ring)

@: mighty, flying
A: sickness immunity, AC +3, negative energy resistance 1, electricity
resistance, torment resistance 1, petrification resistance
a: no special abilities


You were on level 3 of the Dungeon.
You visited 1 branch of the dungeon, and saw 3 of its levels.

You collected 56 gold pieces.

Inventory:

Missiles
 c - 7 stones
Armour
 b - a +0 robe
 f - a +2 hat of stealth (worn)
 j - a +0 leather armour (worn)
 m - a +0 ring mail
Jewellery
 a - a ring of flight (left hand)
Wands
 n - a wand of digging (3)
Scrolls
 l - a scroll of fog
Potions
 d - a potion of resistance
 h - a potion of attraction {unknown}
 i - 3 potions of brilliance {unknown}


   Skills:
 * Level 1.0 Fighting
 + Level 0.3 Armour
 + Level 1.6 Dodging
 - Level 2.1 Stealth
 + Level 2.8 Spellcasting
 * Level 1.2 Conjurations
 - Level 0.7 Transmutations
 + Level 4.4 Earth Magic


You had 4 spell levels left.
You knew the following spells:

 Your Spells              Type           Power      Damage    Failure   Level
a - Sandblast             Erth           36%        2d10      3%          1
b - Stone Arrow           Conj/Erth      24%        3d8       21%         3

Your spell library contained the following spells:

 Spells                   Type           Power      Damage    Failure   Level
 Passwall                 Tmut/Erth      9%         N/A       12%         2
 Mephitic Cloud           Conj/Pois/Air  3%         N/A       50%         3
 Ignite Poison            Fire/Tmut/Pois 3%         N/A       52%         3
 Petrify                  Tmut/Erth      11%        N/A       58%         4
 Freezing Cloud           Conj/Ice/Air   1%         6-21      99%         5


Dungeon Overview and Level Annotations

Branches:
Dungeon (3/15)

Altars:

Annotations:
D:3 Grinder


Innate Abilities, Weirdness & Mutations

You are immune to sickness and miasma.
Your stone body is resilient. (AC +3)
You are immune to poison.
You resist negative energy. (rN+)
You are resistant to electric shocks. (rElec)
You are resistant to unholy torment.
You are immune to petrification.


Message History

You feel very mighty all of a sudden. Grinder hits you but does no damage.
You hit Grinder.
Grinder is severely wounded.
Grinder blinks!
Grinder gestures at you.
You suddenly lose the ability to move!
Grinder gestures at you.
You shrug off the repeated paralysis!
Grinder blinks!
Grinder gestures at you.
You barely resist.
Grinder blinks!
You can move again.
Unknown command.
There is a stone staircase leading up here.
The blast of sand hits Grinder.
Grinder is severely wounded.
The blast of sand hits Grinder.
Grinder is almost dead.
Grinder says, "Tell me all your secrets, or I'll kill you."
Unknown command.
You hit Grinder.
Grinder is almost dead.
Grinder blinks!
Grinder gestures at you.
You suddenly lose the ability to move!
Grinder blinks!
Grinder hits you. Grinder hits you but does no damage. x2
Grinder gestures at you. Pain shoots through your body!
* * * LOW HITPOINT WARNING * * *
You can move again.
You closely miss Grinder.
Grinder is almost dead.
Grinder hits you.
* * * LOW HITPOINT WARNING * * *
You writhe in agony.
You die...

.###### #.#.##.########
.......##.#.##.#.......
...........†....######
.........#.##.###### #
##......#.........# #
#.....<####.####.###
#...........# #..
#.......##### #..
#:.@....# #.. #.5.....#
#.. ......##..# #(.
#............. #..
.........?..#... ...
.#####......##### #.#
#.#....# ..#....# #.
#....#


You could see Grinder.

Vanquished Creatures
  Jessica (D:2)
  An adder (D:2)
  An ufetubus (D:3)
  4 endoplasms
  2 goblins
  A hobgoblin (D:3)
  2 quokkas
  A ball python (D:1)
  4 bats
  2 frilled lizards
  A kobold (D:1)
  A rat (D:1)
21 creatures vanquished.

Notes
Turn   | Place    | Note
-------+----------+-------------------------------------------
     0 | D:1      | Cykl0x the Gargoyle Earth Elementalist began the quest for
                  | the Orb.
     0 | D:1      | Reached XP level 1. HP: 10/10 MP: 3/3
   394 | D:1      | Reached XP level 2. HP: 15/15 MP: 1/5
   559 | D:2      | Found a faded altar of an unknown god.
   582 | D:2      | Reached skill level 4 in Earth Magic
   830 | D:2      | Noticed Jessica
   836 | D:2      | Killed Jessica
   837 | D:2      | Reached skill level 1 in Conjurations
   837 | D:2      | Reached XP level 3. HP: 20/20 MP: 2/6
   841 | D:2      | Learned a level 3 spell: Stone Arrow
  1043 | D:2      | Reached skill level 1 in Fighting
  1344 | D:3      | Reached XP level 4. HP: 25/25 MP: 0/8
  1425 | D:3      | Noticed Grinder
  1429 | D:3      | Paralysed by Grinder for 3 turns
  1447 | D:3      | Paralysed by Grinder for 7 turns
  1460 | D:3      | Paralysed by Grinder for 7 turns
  1467 | D:3      | HP: 1/25 [Grinder (5)]
  1467 | D:3      | Slain by Grinder

Illustrated notes

Levels and vault maps discovered:
D:1:      dpeg_arrival_simpleton_c, layout_rooms
D:2:      layout_loops_cross, hellmonk_ecumenical_altar_run_dry, uniq_jessica
D:3:      layout_basic, uniq_terence, uniq_grinder

Skill      XL: |  1  2  3 |
---------------+----------+-----
Earth Magic    | 4 |  4.4
Conjurations   | 1 |  1.2
Fighting       | 1 |  1.0
Armour         | |  0.3
Dodging        | |  1.6
Stealth        | |  2.1
Spellcasting   | |  2.8
Transmutations | |  0.7

Action                   |  1- 3 |  4- 6 || total
-------------------------+-------+-------++-------
Melee: Unarmed           |       |     6 ||     6
 Cast: Sandblast         |    21 |     6 ||    27
       Stone Arrow       |     4 |     2 ||     6
  Use: Scroll            |     7 |     1 ||     8
       Potion            |       |     2 ||     2
Armor: Leather armour    |     1 |     3 ||     4
Dodge: Dodged            |     3 |     2 ||     5
